 Dungeon Crawl Stone Soup version 0.30.0-29-ga12c61a403 (webtiles) character file.

Game seed: 7973808959945116563

126 monsoonserge the Slasher (level 5, 0/41 HPs)
             Began as a Merfolk Gladiator on June 17, 2023.
             Succumbed to a water moccasin's poison
             ... on level 4 of the Dungeon.
             The game lasted 00:06:36 (2255 turns).

monsoonserge the Slasher (Merfolk Gladiator)        Turns: 2255, Time: 00:06:37

Health: 0/41       AC:  8    Str: 14    XL:     5   Next: 9%
Magic:  5/5        EV: 11    Int:  6    God:
Gold:   101        SH:  6    Dex: 21    Spells: 4/4 levels left

rFire   . . .        a - +0 long sword
rCold   . . .        q - +2 buckler
rNeg    . . .        m - +0 scale mail
rPois   .            (no helmet)
rElec   .            (no cloak)
rCorr   .            (no gloves)
SInv    +            (no boots)
Will    .....        (no amulet)
Stlth   +            j - ring of wizardry
HPRegen 0.26/turn    (no ring)
MPRegen 0.09/turn

%: wizardry (x1)
@: lethally poisoned (0 -> -6)
A: (nimble swimmer 2), mertail, iridescent scales 1, see invisible, agile 1
a: no special abilities


You were on level 4 of the Dungeon.
You visited 1 branch of the dungeon, and saw 4 of its levels.

You collected 101 gold pieces.

Inventory:

Hand Weapons
 a - a +0 long sword (weapon)
 k - a +1 dagger of freezing
Missiles
 d - 3 throwing nets (quivered)
 e - a javelin
 n - 2 atropa-tipped darts
Armour
 b - a +0 leather armour
 c - a +0 helmet
 m - a +0 scale mail (worn)
 q - a +2 buckler (worn)
Jewellery
 j - a ring of wizardry (left hand)
Wands
 s - a wand of charming (7)
Scrolls
 f - 4 scrolls of identify {unknown}
 g - 2 scrolls of vulnerability {unknown}
 h - 2 scrolls of teleportation
 i - a scroll of amnesia {unknown}
 l - a scroll of enchant weapon {unknown}
 r - a scroll of enchant armour {unknown}
 u - a scroll of magic mapping {unknown}
 v - a scroll of noise {unknown}
Potions
 p - a potion of mutation


   Skills:
 + Level 3.2 Fighting
 + Level 4.8 Long Blades
 + Level 2.0 Throwing
 + Level 1.1 Armour
 + Level 4.7 Dodging
 + Level 1.2 Stealth
 + Level 0.7 Shields


You had 4 spell levels left.
You didn't know any spells.
Your spell library contained the following spells:

 Spells                   Type           Power      Damage    Failure   Level
 Shock                    Conj/Air       0%         1d3       73%         1
 Slow                     Hex            0%         N/A       73%         1
 Confusing Touch          Hex            0%         N/A       97%         3
 Swiftness                Air            0%         N/A       97%         3
 Vampiric Draining        Necr           0%         2d6       97%         3
 Airstrike                Air            0%         2d(0-16)  100%        4


Dungeon Overview and Level Annotations

Branches:
Dungeon (4/15)
 Temple: D:4-7

Altars:

Shops:
D:3 *


Innate Abilities, Weirdness & Mutations

((You are very nimble when in or above water. (Stealth+, EV+, Speed+++)))
Your lower body shifts to a powerful aquatic tail in water.
You are partially covered in iridescent scales. (AC +2)
You have supernaturally acute eyesight. (SInv)
You are agile. (Dex +4, Str/Int -1)


Message History

Your damage rating with your +0 long sword is about 13 (Base 10 x 117% (Dex) x 114% (Skill)).
Okay, then.
Aiming: Charm
Press: ? - help, Shift-Dir - straight line, f - water moccasin
Aim: a water moccasin (chance to affect: 49%)
The water moccasin is charmed.
* * * LOW HITPOINT WARNING * * *
You feel very sick.
A kobold comes into view. It is wielding a +0 short sword.
* * * LOW HITPOINT WARNING * * *
You feel very sick.
The kobold shouts!
The kobold throws a stone.
The stone misses you. What are your orders? t - Shout!
Orders for allies: a - Attack new target. p - Attack previous target. r - Retreat! s - Stop attacking. g - Guard the area. f - Follow me.
Anything else - Cancel.
Gang up on whom?
Press: ? - help, Dir - move target, f - kobold, p - water moccasin
Aim: a kobold, wielding a +0 short sword and quivering stones Attack!
* * * LOW HITPOINT WARNING * * *
You feel sick.
* * * LOW HITPOINT WARNING * * *
You feel sick.
Okay, then.
You are lethally poisoned (2 -> -5).
Your movement speed is average.
Your attack delay is about 1.2.
Your damage rating with your +0 long sword is about 13 (Base 10 x 117% (Dex) x 114% (Skill)).
You are lethally poisoned (2 -> -5).
Your movement speed is average.
Your attack delay is about 1.2.
Your damage rating with your +0 long sword is about 13 (Base 10 x 117% (Dex) x 114% (Skill)).
Really quaff the potion of mutation?
You feel extremely strange. The antennae on your head shrink away.
Your iridescent scales disappear.
You feel agile.
Iridescent scales grow over part of your body.
You die...

#............#
#............#####
#................#
#.................
#.........>..###.#
#............# #
#............#
#...........(#
#..........@.#
##########'#.#
.........S.....
...............
................
....(...........
................
................
...............


You could see a friendly water moccasin (charmed).

Vanquished Creatures
  A hound (D:3)
  An orc wizard (D:3)
  3 adders
  2 dart slugs
  3 bats
  2 endoplasms
  3 giant cockroaches
  3 goblins
  4 hobgoblins
  2 jackals (D:1)
  5 kobolds
  2 quokkas (D:1)
  5 ball pythons
  2 rats
38 creatures vanquished.

Notes
Turn   | Place    | Note
-------+----------+-------------------------------------------
     0 | D:1      | monsoonserge the Merfolk Gladiator began the quest for the
                  | Orb.
     0 | D:1      | Reached XP level 1. HP: 16/16 MP: 1/1
   208 | D:1      | Reached XP level 2. HP: 22/23 MP: 2/2
   904 | D:1      | Reached XP level 3. HP: 25/28 MP: 3/3
  1058 | D:2      | You fall into a shaft and drop 1 floor!
  1772 | D:3      | Noticed an ogre
  1831 | D:3      | Found Ewop's Assorted Antiques.
  1851 | D:3      | Reached XP level 4. HP: 17/35 MP: 4/4
  1953 | D:3      | Reached skill level 1 in Stealth
  2045 | D:3      | Reached skill level 1 in Armour
  2053 | D:3      | Gained mutation: You have supernaturally acute eyesight.
                  | (SInv) [potion of mutation]
  2053 | D:3      | Gained mutation: You have a pair of small antennae on your
                  | head. [potion of mutation]
  2053 | D:3      | Gained mutation: You are partially covered in iridescent
                  | scales. (AC +2) [potion of mutation]
  2062 | D:3      | Reached XP level 5. HP: 15/41 MP: 5/5
  2177 | D:3      | You fall into a shaft and drop 1 floor!
  2244 | D:4      | Noticed a water moccasin
  2254 | D:4      | HP: 2/41 [poisoned by a water moccasin]
  2255 | D:4      | Lost mutation: You have a pair of small antennae on your
                  | head. [potion of mutation]
  2255 | D:4      | Lost mutation: You are partially covered in iridescent
                  | scales. (AC +2) [potion of mutation]
  2255 | D:4      | Gained mutation: You are agile. (Dex +4, Str/Int -1)
                  | [potion of mutation]
  2255 | D:4      | Gained mutation: You are partially covered in iridescent
                  | scales. (AC +2) [potion of mutation]
  2255 | D:4      | Succumbed to a water moccasin's poison

Illustrated notes

Levels and vault maps discovered:
D:1:      dpeg_arrival_brainrot, layout_loops_corners, hangedman_decor_riveting,
          minivault_11
D:2:      layout_basic, serial_aquarium, aquarium_bridge_straight
          [aquarium_subvault_bridge, aquarium_subvault_wall,
          aquarium_subvault_bridge, aquarium_subvault_wall], aquarium_window_1,
          aquarium_window_1, aquarium_window_corner, aquarium_view_2b,
          aquarium_view_2d, aquarium_balcony_1b, aquarium_pool_1
D:3:      layout_loops_cross, serial_shops, shop_fountains,
          minmay_misc_feat_pillars
D:4:      layout_basic, lemuel_zombie_altar_kikubaaqudgha,
          minmay_gold_behind_fungi, kennysheep_orc_chapel, uniq_eustachio

Skill      XL: |  1  2  3  4 |
---------------+-------------+-----
Long Blades    | 4 |  4.8
Fighting       | 3 |  3.2
Stealth        | 1 |  1.2
Armour         | 1 |  1.1
Throwing       | |  2.0
Dodging        | |  4.7
Shields        | |  0.7

Action                     |  1- 3 |  4- 6 || total
---------------------------+-------+-------++-------
  Melee: Long sword        |    93 |    32 ||   125
  Evoke: Wand              |       |     1 ||     1
    Use: Potion            |       |     5 ||     5
         Scroll            |       |     1 ||     1
   Stab: Sleeping          |     1 |       ||     1
 Armour: Leather armour    |    23 |    13 ||    36
  Dodge: Dodged            |    69 |    43 ||   112
  Block: Buckler           |     9 |    21 ||    30
